 Dungeon Crawl Stone Soup version 0.21.0-3-g78d12a8 (webtiles) character file.

389777 Stormphoenix the Slayer (level 23, 0/162 HPs)
             Began as a Gargoyle Fighter on Jan 17, 2018.
             Was the Champion of Okawaru.
             Killed from afar by an ice dragon (46 damage)
             ... with a blast of cold
             ... on level 1 of the Depths.
             The game lasted 02:13:56 (45377 turns).

Stormphoenix the Slayer (Gargoyle Fighter)         Turns: 45377, Time: 02:13:56

Health: 0/162      AC: 70    Str: 28    XL:     23   Next: 7%
Magic:  0/26       EV: 13    Int: 10    God:    Okawaru [******]
Gold:   2271       SH: 24    Dex: 10    Spells: 26/26 levels left

rFire    + + .     SeeInvis +   n - +7 eveningstar (holy)
rCold    . . .     Gourm    .   y - +1 shield {rF+}
rNeg     + + +     Faith    .   O - +12 crystal plate armour of a labyrinth {-Tele rF+ SInv}
rPois    ∞         Spirit   +   a - +2 hat of the Bear Spirit {Spirit, +Rage rN+ MR++}
rElec    +         Reflect  +   J - scarf {cloud immunity}
rCorr    .         Harm     .   h - +1 pair of gloves
MR       ++++.     Clarity  +   C - +1 pair of boots {run} Stlth ..........NoTele +
                                i - +4 amulet of reflection
HPRegen  0.37/turn              o - ring of protection from magic
MPRegen  0.20/turn              g - ring "Omarhosa" {rN++ Stlth+}

@: heroism, flying, quick
A: big wings, thin metallic scales 1, clarity, negative energy resistance 1,
electricity resistance, unbreathing, petrification resistance, rot immunity, AC
+17
}: 2/15 runes: decaying, serpentine
a: Stop Flying, Heroism, Finesse, Renounce Religion, Evoke Berserk Rage


You were on level 1 of the Depths.
You worshipped Okawaru.
Okawaru was exalted by your worship.
You were very hungry.

You visited 9 branches of the dungeon, and saw 40 of its levels.
You also visited: Bailey.

You collected 4327 gold pieces.
You spent 2056 gold pieces at shops.

Inventory:

Hand Weapons
 n - a +7 eveningstar of holy wrath (weapon)
 L - the +5 demon whip of Pidal {freeze, *Noise rElec Str+7 Dex+3}
   (Okawaru gifted it to you on level 3 of the Vaults)

   It has been specially enchanted to freeze those struck by it, causing extra
   injury to most foes and up to half again as much damage against particularly
   susceptible opponents.
   It can also slow down cold-blooded creatures.
   It affects your strength (+7).
   It affects your dexterity (+3).
   It insulates you from electricity.
   It may make noises in combat.
Armour
 a - the +2 hat of the Bear Spirit (worn) {Spirit, +Rage rN+ MR++}
   (You bought it in a shop on level 3 of the Vaults)

   It protects you from negative energy.
   It affects your resistance to hostile enchantments.
   It lets you go berserk.
 h - a +1 pair of gloves (worn)
 y - a +1 shield of fire resistance (worn)
 C - a +1 pair of boots of running (worn)
 J - a scarf of cloud immunity (worn)
 N - a +0 cloak of magic resistance
 O - the +12 crystal plate armour of a labyrinth (worn) {-Tele rF+ SInv}
   (Okawaru gifted it to you on level 1 of the Vaults)

   It protects you from fire.
   It lets you see invisible.
   It prevents most forms of teleportation.
Jewellery
 c - an uncursed ring of protection from cold
 g - the ring "Omarhosa" (right hand) {rN++ Stlth+}
   (You acquired it on level 1 of the Depths)

   [ring of stealth]

   It greatly protects you from negative energy.
   It makes you more stealthy.
 i - a +4 amulet of reflection (around neck)
 o - a ring of protection from magic (left hand)
 u - an uncursed ring of protection from magic
 I - an uncursed ring of protection from fire
 P - an uncursed ring of resist corrosion
 S - an uncursed ring of protection from magic
Wands
 d - a wand of disintegration (34)
 p - a wand of digging (8)
 B - a wand of flame (46)
 D - a wand of iceblast (31)
 H - a wand of acid (22)
Scrolls
 j - 3 scrolls of identify
 k - 17 scrolls of remove curse
 q - 2 scrolls of silence
 r - 2 scrolls of fear
 t - 12 scrolls of teleportation
 E - 11 scrolls of amnesia
 F - a scroll of blinking
 G - 9 scrolls of magic mapping
 K - 4 scrolls of fog
 Q - a scroll of summoning
 T - 2 scrolls of enchant armour
Potions
 e - 17 potions of curing
 x - 4 potions of mutation
 A - 2 potions of haste
 R - a potion of berserk rage
 W - a potion of might
Comestibles
 f - 57 rations


   Skills:
 - Level 22.0(27) Fighting
 - Level 16.0(21.0) Maces & Flails
 + Level 21.2(26.2) Armour
 - Level 8.7(13.7) Dodging
 + Level 21.2(26.2) Shields
 - Level 2.1 Spellcasting


You had 26 spell levels left.
You didn't know any spells.

Dungeon Overview and Level Annotations

Branches:
Dungeon (15/15)            Temple (1/1) D:7            Lair (6/6) D:9
  Swamp (4/4) Lair:3        Snake (4/4) Lair:2        Slime (0/5) Lair:5
    Orc (2/2) D:11            Elf (3/3) Orc:2        Vaults (4/5) D:14
  Crypt (0/3) Vaults:3     Depths (1/5) D:15

Altars:
Ashenzari
Cheibriados
Dithmenos
Elyvilon
Fedhas
Gozag
Hepliaklqana
Kikubaaqudgha
Makhleb
Nemelex Xobeh
Okawaru
Qazlal
Ru
Sif Muna
Trog
Uskayaw
Vehumet
Wu Jian
Xom
Yredelemnul
Zin
The Shining One
Jiyva
Lugonu

Shops:
D:13 =   D:14 =   D:15 !   Orc:2 *?[(   Elf:1 }   Elf:2 =}=   Snake:4 (
Vaults:1 ?   Vaults:3 [

Portals:
Hell: Depths:1
Abyss: Depths:1

Annotations:
Lair:2 exclusion: oklob plant


Innate Abilities, Weirdness & Mutations

You are resistant to torment.
Your stone body is resilient. (AC +17)
You are immune to poison.
Your large and strong wings let you fly indefinitely.
You resist negative energy. (rN+)
You are resistant to electric shocks. (rElec)
You can survive without breathing.
You are immune to petrification.
You are immune to rotting.
You are partially covered in thin metallic scales. (AC +2)
You possess an exceptional clarity of mind.


Message History

You bludgeon the ice dragon!!
The ice dragon is almost dead.
The ice dragon bites you but does no damage.
You block the ice dragon's attack. x2
The rakshasa weaves an illusion.
The ice dragon shimmers and seems to become two!
You sock the ice dragon!
You kill the ice dragon!
The ice dragon's corpse shimmers and vanishes!
You block the ice dragon's attack. x2
The ice dragon tramples you but does no damage.
The ice dragon completely misses you. You block the ice dragon's attack. x2
The rakshasa weaves an illusion.
The ice dragon shimmers and seems to become two!
The rakshasa hits you but does no damage.
The rakshasa hits you but does no damage.
The ice dragon breathes frost at you.
The blast of cold hits the ice dragon.
The ice dragon resists.
The blast of cold hits you!
You die...

#.................
#....#............
#.................
#.................
#........#........
#.......).........
#.....(.RD........ #####
#######.....D..#......
......#.........@.DD....(...
.....................(......
....####....................
...## ##............###.#...
#...###.)##..)∩......# .##..
##......##..##......... #
............######......
........###.# #...##.
...#....# ###


You could see 4 ice dragons and a rakshasa.

Vanquished Creatures
  Vashnia (Snake:2)
  Nikola (Elf:3)
  Asterion (Snake:2)
  A tentacled monstrosity (Vaults:4)
  3 deep elf blademasters
  A deep elf master archer (Elf:2)
  A tengu reaver (Vaults:4)
  5 thorn hunters
  Donald (Elf:1)
  2 fire giants (Vaults:4)
  6 frost giants
  6 nagarajas (Snake:4)
  12 vault wardens
  An orc warlord (Vaults:1)
  Louise (Elf:2)
  The ghost of toffzen the Grappler, a journeyman TrTm of Okawaru (D:14)
  3 deep elf sorcerers
  A ghoul (Vaults:3)
  4 deep elf elementalists (Elf:3)
  18 ironheart preservers
  An entropy weaver (Vaults:1)
  5 stone giants
  A vampire knight (Vaults:3)
  6 deep elf demonologists
  Azrael (D:12)
  10 deep elf annihilators
  3 ettins
  9 deep elf death magi
  Snorg (D:11)
  Fannar (Orc:1)
  2 great orbs of eyes
  6 fire dragons
  2 deep elf high priests (Elf:3)
  14 vault guards
  4 rakshasas
  5 yaktaur captains
  13 naga warriors
  22 hydras
  7 centaur warriors
  2 ghost crabs
  2 ice dragons
  2 death knights
  2 catoblepae
  8 anacondas
  9 ogre magi
  22 dancing weapons
  32 two-headed ogres
  9 alligators
  6 deep troll shamans
  2 deep troll earth magi (Vaults:3)
  7 naga sharpshooters
  6 death yaks (Lair:6)
  A tengu warrior (D:15)
  Urug (Lair:2)
  5 orc high priests (Orc:2)
  3 shock serpents
  2 small abominations
  Nergalle (D:11)
  19 deep elf knights
  7 skeletal warriors
  2 shadow wraiths (Vaults:3)
  The ghost of MTVSty1e the Stickfighter, a novice GrGl (D:11)
  4 salamander mystics
  6 unseen horrors
  A flayed ghost (Vaults:1)
  A glowing orange brain (Vaults:3)
  10 deep trolls
  11 wizards
  5 sea snakes (Snake:2)
  3 spriggan druids
  6 shambling mangroves
  A lindwurm (Lair:6)
  5 swamp dragons
  16 ironbrand convokers
  2 wolf spider zombies
  7 naga ritualists
  A harpy (shapeshifter) (D:15)
  16 deep elf archers
  A lindwurm (shapeshifter) (Vaults:3)
  3 harpies (Vaults:3)
  23 orc knights
  Pikel (D:5)
  A phantasmal warrior (Vaults:3)
  27 ugly things
  57 deep elf magi
  5 mana vipers
  4 wolf spiders
  16 salamanders
  A cyclops (shapeshifter) (Vaults:1)
  A manticore (D:15)
  10 cyclopes
  7 orc sorcerers
  Maurice (D:11)
  A centaur zombie (D:13)
  28 black mambas
  15 naga magi
  2 molten gargoyles (Lair:6)
  Psyche (D:11)
  18 vault sentinels
  4 guardian serpents
  5 gargoyles
  16 spiny frogs
  2 spiny frogs (shapeshifter)
  23 komodo dragons
  3 demonic crawlers (Elf:2)
  A komodo dragon (shapeshifter) (Depths:1)
  5 kobold demonologists
  3 freezing wraiths
  A rime drake (Lair:3)
  A yaktaur (shapeshifter) (Vaults:2)
  14 yaktaurs
  4 tengu conjurers
  An efreet (D:14)
  A wind drake (shapeshifter) (Vaults:3)
  3 trolls
  3 meliai (D:15)
  A queen bee (D:15)
  2 tyrant leeches
  42 slime creatures
  24 hornets
  10 blink frogs
  5 bog bodies
  A raiju (shapeshifter) (D:13)
  8 hippogriffs
  11 dream sheep (Lair:6)
  7 spriggans
  4 vampires
  A tarantella (shapeshifter) (Elf:2)
  3 air elementals
  51 yaks
  2 basilisks
  2 water elementals
  4 wyverns
  4 shadows
  A yak (shapeshifter) (Vaults:4)
  8 fire elementals
  A hog (shapeshifter) (D:15)
  12 vampire mosquitoes
  2 wraiths
  A steam dragon (Lair:6)
  A human simulacrum (Vaults:1)
  Eustachio (D:6)
  5 hungry ghosts
  7 wargs
  6 acid dragons
  17 swamp worms
  18 insubstantial wisps
  63 nagas
  8 water moccasins
  6 hell hounds
  3 porcupines (Lair:1)
  17 swamp drakes
  53 orc warriors
  3 ice beasts
  A slave (D:5)
  2 sky beasts
  An eye of draining (D:15)
  29 ogres
  3 necrophages
  5 boggarts
  20 wolves
  15 centaurs
  7 big kobolds
  16 crocodiles
  Blork the orc (D:5)
  The ghost of GreyFruit the Sneak, an amateur SpAs (D:4)
  The ghost of GreyFruit the Covert, an amateur SpAs (D:9)
  16 bullfrogs
  A gnoll sergeant (D:10)
  2 wyvern zombies
  2 earth elementals
  A scorpion (D:5)
  31 killer bees
  3 wights (D:11)
  7 howler monkeys
  5 lava snakes (Lair:6)
  2 quasits
  2 bullfrog zombies
  8 crimson imps
  8 hounds
  3 jellies
  48 orc priests
  33 orc wizards
  2 bullfrog skeletons (D:13)
  6 centaur skeletons
  4 iguanas
  16 worker ants
  2 hound zombies
  A hound skeleton (D:10)
  3 gnolls (D:10)
  12 adders
  2 shadow imps
  2 oozes
  An adder zombie (D:8)
  2 adder skeletons
  2 worms
  A dart slug (D:2)
  6 leopard geckos
  99 orcs
  3 giant cockroaches
  10 goblins
  7 hobgoblins
  15 jackals
  39 kobolds
  7 quokkas
  6 bats
  3 frilled lizards
  A giant cockroach zombie (D:6)
  A jackal zombie (D:5)
  A leopard gecko skeleton (D:6)
  4 rats
  8 briar patches
  2 crawling corpses (Elf:2)
1699 creatures vanquished.

Vanquished Creatures (others)
  A deep elf master archer (Elf:2)
  An ironheart preserver (Vaults:3)
  2 stone giants
  A centaur warrior (D:15)
  2 naga sharpshooters
  2 deep elf archers
  3 deep elf magi
  2 cyclopes (D:14)
  A wizard (D:12)
  A vault sentinel (Vaults:3)
  6 yaktaurs
  A vampire mosquito (Elf:2)
  2 nagas (Snake:4)
  A centaur (Vaults:1)
  3 jackals (D:5)
  5 briar patches
  A bush (Lair:5)
  3 fungi
  2 plants
  7 toadstools (Swamp:1)
47 creatures vanquished.

Grand Total: 1746 creatures vanquished

Notes
Turn   | Place    | Note
-------+----------+-------------------------------------------
     0 | D:1      | Stormphoenix the Gargoyle Fighter began the quest for the Orb.
     0 | D:1      | Reached XP level 1. HP: 14/14 MP: 1/1
   105 | D:1      | Reached XP level 2. HP: 19/19 MP: 2/2
   586 | D:1      | Reached XP level 3. HP: 22/23 MP: 3/3
  1247 | D:2      | Reached XP level 4. HP: 27/28 MP: 4/4
  2065 | D:3      | Reached skill level 5 in Maces & Flails
  2065 | D:3      | Reached XP level 5. HP: 26/32 MP: 5/5
  2428 | D:4      | Noticed GreyFruit's ghost (amateur SpAs)
  2434 | D:4      | Killed GreyFruit's ghost
  2554 | D:4      | Reached XP level 6. HP: 34/37 MP: 6/6
  2586 | D:4      | Got a crystal flail
  2587 | D:4      | Identified the +11 flail of Inquiry {crush, Fragile rF+ Str+3} (You found it on level 4 of the Dungeon)
  2955 | D:5      | Entered Level 5 of the Dungeon
  2987 | D:5      | Reached XP level 7. HP: 41/41 MP: 7/7
  3185 | D:5      | Noticed Pikel
  3203 | D:5      | Killed Pikel
  3203 | D:5      | Reached XP level 8. HP: 44/46 MP: 1/8
  3262 | D:5      | Got a slimy tin amulet
  3422 | D:5      | Noticed Blork the orc
  3430 | D:5      | Killed Blork the orc
  3498 | D:5      | Reached skill level 10 in Maces & Flails
  3507 | D:5      | Gained mutation: You are partially covered in thin metallic scales. (AC +2) [potion of mutation]
  3507 | D:5      | Gained mutation: You possess an exceptional clarity of mind. [potion of mutation]
  3868 | D:6      | Identified the amulet "Eralaige" {Inacc Str+3} (You found it on level 5 of the Dungeon)
  3967 | D:6      | Noticed Eustachio
  3973 | D:6      | Killed Eustachio
  4028 | D:6      | Reached XP level 9. HP: 51/51 MP: 9/9
  4069 | D:6      | Noticed a hornet
  4077 | D:6      | Killed a hornet
  4148 | D:6      | Noticed a hornet
  4155 | D:6      | Killed a hornet
  4562 | D:7      | Found a staircase to the Ecumenical Temple.
  4598 | Temple   | Entered the Ecumenical Temple
  4775 | Temple   | Became a worshipper of Warmaster Okawaru
  4980 | D:7      | Reached * piety under Okawaru
  4980 | D:7      | Reached XP level 10. HP: 28/56 MP: 4/10
  5248 | D:7      | Found a shimmering altar of Xom.
  5249 | D:7      | Found a shadowy altar of Dithmenos.
  5249 | D:7      | Found a burning altar of Makhleb.
  5249 | D:7      | Found a basalt altar of Yredelemnul.
  5250 | D:7      | Found a blossoming altar of Fedhas.
  5631 | D:8      | Reached skill level 4 in Fighting
  5828 | D:8      | Reached skill level 5 in Fighting
  5914 | D:8      | Noticed a two-headed ogre
  5924 | D:8      | Killed a two-headed ogre
  5924 | D:8      | Reached ** piety under Okawaru
  5924 | D:8      | Reached skill level 6 in Fighting
  6049 | D:8      | Reached skill level 7 in Fighting
  6358 | D:9      | Noticed a gargoyle
  6372 | D:9      | Killed a gargoyle
  6372 | D:9      | Reached *** piety under Okawaru
  6372 | D:9      | Reached skill level 8 in Fighting
  6438 | D:9      | Noticed GreyFruit's ghost (amateur SpAs)
  6443 | D:9      | Killed GreyFruit's ghost
  6870 | D:9      | Found a sacrificial altar of Ru.
  6890 | D:9      | Reached skill level 9 in Fighting
  6890 | D:9      | Reached XP level 11. HP: 71/71 MP: 11/11
  6974 | D:9      | Found a staircase to the Lair.
  7001 | D:9      | Noticed a two-headed ogre
  7006 | D:9      | Killed a two-headed ogre
  7006 | D:9      | Reached **** piety under Okawaru
  7006 | D:9      | Reached skill level 10 in Fighting
  7373 | D:10     | Entered Level 10 of the Dungeon
  7754 | D:10     | Noticed a two-headed ogre
  7760 | D:10     | Killed a two-headed ogre
  7760 | D:10     | Reached skill level 11 in Fighting
  7779 | D:10     | Received a gift from Okawaru
  8187 | D:11     | Noticed Nergalle
  8195 | D:11     | Killed Nergalle
  8224 | D:11     | Noticed a two-headed ogre
  8231 | D:11     | Killed a two-headed ogre
  8231 | D:11     | Reached ***** piety under Okawaru
  8231 | D:11     | Reached skill level 12 in Fighting
  8483 | D:11     | Reached skill level 1 in Spellcasting
  8534 | D:11     | Reached skill level 1 in Dodging
  8574 | D:11     | Noticed Maurice
  8576 | D:11     | Noticed a brown ugly thing
  8588 | D:11     | Killed a brown ugly thing
  8597 | D:11     | Killed Maurice
  8605 | D:11     | Noticed MTVSty1e's ghost (novice GrGl)
  8614 | D:11     | Killed MTVSty1e's ghost
  8656 | D:11     | Reached XP level 12. HP: 52/81 MP: 9/15
  8709 | D:11     | Reached skill level 5 in Armour
  8713 | D:11     | Reached skill level 5 in Shields
  8858 | D:11     | Noticed Psyche
  8862 | D:11     | Killed Psyche
  8874 | D:11     | Found a staircase to the Orcish Mines.
  8916 | D:11     | Noticed Snorg
  8927 | D:11     | Killed Snorg
  9305 | Lair:1   | Entered Level 1 of the Lair of Beasts
  9411 | Lair:1   | Reached ****** piety under Okawaru
  9591 | Lair:1   | Received a gift from Okawaru
 10215 | Lair:2   | Found a staircase to the Snake Pit.
 10540 | Lair:2   | Reached skill level 5 in Dodging
 10734 | Lair:2   | Noticed Urug
 10752 | Lair:2   | Killed Urug
 10752 | Lair:2   | Reached XP level 13. HP: 86/86 MP: 16/16
 11242 | Lair:3   | Found a staircase to the Swamp.
 11621 | Lair:4   | Received a gift from Okawaru
 11696 | Lair:4   | HP: 2/86 [wyvern (5)]
 12342 | Lair:4   | You fall through a shaft!
 12501 | Lair:5   | Found a viscous altar of Jiyva.
 12502 | Lair:5   | Found a staircase to the Slime Pits.
 12670 | Lair:5   | Received a gift from Okawaru
 12773 | Lair:5   | Reached skill level 10 in Armour
 12775 | Lair:5   | Reached skill level 10 in Shields
 12802 | Lair:5   | Got a heavily runed leather armour
 12803 | Lair:5   | Identified the +1 leather armour of Love and Death {Str-2 Dex+7} (You found it on level 5 of the Lair of Beasts)
 13067 | Lair:5   | Identified a scroll of acquirement
 13070 | Lair:5   | Got an ancient cloak
 13086 | Lair:6   | Entered Level 6 of the Lair of Beasts
 13200 | Lair:6   | Gained mutation: Your large and strong wings let you fly indefinitely. [Gargoyle growth]
 13200 | Lair:6   | Reached XP level 14. HP: 69/92 MP: 11/17
 13728 | Lair:6   | Found a large runed door.
 13728 | Lair:6   | Found a large runed door.
 13844 | Lair:6   | Received a gift from Okawaru
 14780 | D:12     | Noticed Azrael
 14795 | D:12     | Killed Azrael
 15197 | D:12     | Found a flagged portal.
 15204 | Bailey   | Entered a bailey
 15569 | Bailey   | Identified the Reference Book on Envenoming and Creation
 15826 | D:12     | Found a bloodstained altar of Trog.
 16223 | D:12     | Reached XP level 15. HP: 48/96 MP: 7/18
 16464 | D:12     | Identified the +2 cloak of Zaimn {*Corrode +Fly Int+2 Dex+3} (You acquired it on level 5 of the Lair of Beasts)
 16648 | Orc:1    | Entered Level 1 of the Orcish Mines
 16648 | Orc:1    | Noticed Fannar
 16670 | Orc:1    | Killed Fannar
 16725 | Orc:1    | Found a radiant altar of Vehumet.
 17190 | Orc:2    | Entered Level 2 of the Orcish Mines
 17209 | Orc:2    | Received a gift from Okawaru
 17355 | Orc:2    | Found a staircase to the Elven Halls.
 18535 | Orc:2    | Found Unleqaox's Weapon Shop.
 18538 | Orc:2    | Found Ideacu's Magic Scroll Boutique.
 18539 | Orc:2    | Found Cizoxt's Assorted Antiques.
 18540 | Orc:2    | Found Eshrifut's Antique Armour Shop.
 18543 | Orc:2    | Bought a scroll of identify for 64 gold pieces
 18543 | Orc:2    | Bought a scroll of identify for 64 gold pieces
 18842 | D:13     | Found Laniluum's Jewellery Shoppe.
 18887 | D:13     | Bought a +4 amulet of reflection for 270 gold pieces
 19223 | D:13     | Received a gift from Okawaru
 19723 | D:14     | Found Ylaejepe's Jewellery Shop.
 19723 | D:14     | Noticed toffzen's ghost (journeyman TrTm)
 19745 | D:14     | Killed toffzen's ghost
 19942 | D:14     | Found a gate to the Vaults.
 20203 | D:14     | Found a hide-covered altar of Uskayaw.
 20579 | D:14     | Got a pitted buckler
 20580 | D:14     | Identified the +3 buckler "Atwoaps" {rF+} (You found it on level 14 of the Dungeon)
 20646 | D:14     | Received a gift from Okawaru
 20907 | D:15     | Entered Level 15 of the Dungeon
 20956 | D:15     | Reached XP level 16. HP: 95/101 MP: 19/19
 21068 | D:15     | Found Coffez's Distillery.
 21095 | D:15     | Bought 2 potions of heal wounds for 150 gold pieces
 21095 | D:15     | Bought a potion of heal wounds for 75 gold pieces
 21095 | D:15     | Bought a potion of heal wounds for 75 gold pieces
 21437 | D:15     | Received a gift from Okawaru
 21444 | D:15     | Reached skill level 13 in Fighting
 21448 | D:15     | Got a brightly glowing crystal plate armour {god gift}
 21451 | D:15     | Found a staircase to the Depths.
 21863 | D:15     | Got a smoking plate armour
 22938 | Swamp:1  | Entered Level 1 of the Swamp
 22969 | Swamp:1  | Identified the +12 crystal plate armour of Weirdness {rPois} (Okawaru gifted it to you on level 15 of the Dungeon)
 23099 | Swamp:1  | Noticed a thorn hunter
 23115 | Swamp:1  | Killed a thorn hunter
 23115 | Swamp:1  | Reached skill level 15 in Maces & Flails
 23752 | Swamp:2  | Noticed a thorn hunter
 23763 | Swamp:2  | Killed a thorn hunter
 23861 | Swamp:2  | Reached skill level 14 in Fighting
 24648 | Swamp:3  | Received a gift from Okawaru
 24665 | Swamp:3  | Identified the +1 plate armour "Wuezese" {rC+} (You found it on level 15 of the Dungeon)
 24875 | Swamp:3  | Reached XP level 17. HP: 112/112 MP: 20/20
 25291 | Swamp:4  | Entered Level 4 of the Swamp
 25461 | Swamp:4  | Reached skill level 15 in Fighting
 25951 | Swamp:4  | Received a gift from Okawaru
 25951 | Swamp:4  | Reached skill level 16 in Fighting
 26125 | Swamp:4  | Got a decaying rune of Zot
 26529 | Swamp:4  | Reached skill level 15 in Armour
 26529 | Swamp:4  | Reached skill level 15 in Shields
 26841 | Snake:1  | Entered Level 1 of the Snake Pit
 26872 | Snake:1  | Got an ancient chain mail
 27591 | Snake:1  | Identified the +6 chain mail of Ucaekhl Odie {*Slow rElec rC+ rN+++} (You found it on level 1 of the Snake Pit)
 27723 | Snake:2  | Reached XP level 18. HP: 116/121 MP: 21/21
 27924 | Snake:2  | Received a gift from Okawaru
 27950 | Snake:2  | Noticed Asterion
 27970 | Snake:2  | Killed Asterion
 28118 | Snake:2  | Received a gift from Okawaru
 28130 | Snake:2  | Identified a +0 pair of boots of running (Okawaru gifted it to you on level 2 of the Snake Pit)
 28439 | Snake:2  | Noticed Vashnia
 28455 | Snake:2  | Killed Vashnia
 29673 | Snake:4  | Entered Level 4 of the Snake Pit
 29711 | Snake:4  | Found Bazimy's Antique Weapon Shoppe.
 30481 | Snake:4  | Received a gift from Okawaru
 31190 | Snake:4  | Reached XP level 19. HP: 103/126 MP: 22/22
 31319 | Snake:4  | Got a serpentine rune of Zot
 31946 | Vaults:1 | Entered Level 1 of the Vaults
 32046 | Vaults:1 | Received a gift from Okawaru
 32463 | Vaults:1 | Found Nogyck's Magic Scroll Shoppe.
 32471 | Vaults:1 | Bought a scroll of identify for 34 gold pieces
 32471 | Vaults:1 | Bought a scroll of identify for 34 gold pieces
 32789 | Vaults:1 | Received a gift from Okawaru
 32883 | Vaults:1 | Noticed an Ice Fiend
 33825 | Vaults:1 | Reached XP level 20. HP: 132/132 MP: 23/23
 35618 | Vaults:3 | Received a gift from Okawaru
 35676 | Vaults:3 | Reached skill level 17 in Fighting
 35755 | Vaults:3 | Found a staircase to the Crypt.
 35885 | Vaults:3 | Received a gift from Okawaru
 35988 | Vaults:3 | Reached skill level 18 in Fighting
 36772 | Vaults:3 | Received a gift from Okawaru
 36827 | Vaults:3 | Got a dazzling demon whip {god gift}
 36828 | Vaults:3 | Identified the +5 demon whip of Pidal {freeze, *Noise rElec Str+7 Dex+3} (Okawaru gifted it to you on level 3 of the Vaults)
 36928 | Vaults:3 | Reached skill level 19 in Fighting
 37002 | Vaults:3 | Reached XP level 21. HP: 53/144 MP: 24/24
 37492 | Vaults:1 | Got a bronze crystal plate armour {god gift}
 37493 | Vaults:1 | Identified the +12 crystal plate armour of a labyrinth {-Tele rF+ SInv} (Okawaru gifted it to you on level 1 of the Vaults)
 37670 | Vaults:3 | Found Namixko's Antique Armour Shop.
 37676 | Vaults:3 | Bought the +2 hat of the Bear Spirit {Spirit, +Rage rN+ MR++} for 1290 gold pieces
 37676 | Vaults:3 | Found the +2 hat of the Bear Spirit {Spirit, +Rage rN+ MR++}
 38321 | Vaults:4 | Reached skill level 20 in Fighting
 38335 | Vaults:4 | Received a gift from Okawaru
 39132 | Vaults:4 | Reached skill level 21 in Fighting
 39141 | Vaults:4 | Received a gift from Okawaru
 39968 | Elf:1    | Entered Level 1 of the Elven Halls
 40001 | Elf:1    | Found a radiant altar of Vehumet.
 40014 | Elf:1    | Noticed Donald
 40042 | Elf:1    | Killed Donald
 40324 | Elf:1    | Reached skill level 22 in Fighting
 40569 | Elf:1    | Found Jerchoim's Gadget Shoppe.
 40654 | Elf:1    | Reached XP level 22. HP: 156/156 MP: 25/25
 40994 | Elf:2    | Found Xalygig's Jewellery Shoppe.
 40994 | Elf:2    | Found Ryhuckad's Gadget Boutique.
 40997 | Elf:2    | Found Salyaff's Jewellery Shoppe.
 41061 | Elf:2    | Found a runed gate.
 41061 | Elf:2    | Found a runed gate.
 41162 | Elf:2    | Noticed Louise
 41172 | Elf:2    | Killed Louise
 41218 | Elf:2    | Found a runed gate.
 41618 | Elf:2    | Received a gift from Okawaru
 42050 | Elf:3    | Entered Level 3 of the Elven Halls
 42061 | Elf:3    | Noticed Nikola
 42929 | Elf:3    | Killed Nikola
 44284 | Elf:3    | Identified the Catalogue of the Mountains and Execration
 44293 | Elf:3    | Got a polished helmet
 44295 | Elf:3    | Found the +5 pair of quick blades "Gyre" and "Gimble" {pierce, Dex-3}
 44312 | Elf:3    | Identified the +2 helmet of Ru's Favour {rCorr} (You found it on level 3 of the Elven Halls)
 44321 | Elf:3    | Got a smelly scale mail
 44332 | Elf:3    | Identified the +10 scale mail of Negation {Dex+4 Slay-3} (You found it on level 3 of the Elven Halls)
 44696 | Depths:1 | Entered Level 1 of the Depths
 44848 | D:15     | Received a gift from Okawaru
 45032 | Depths:1 | Got a glittering steel ring
 45033 | Depths:1 | Identified the ring "Omarhosa" {rN++ Stlth+} (You acquired it on level 1 of the Depths)
 45061 | Depths:1 | Found a shimmering altar of Xom.
 45165 | Depths:1 | Reached XP level 23. HP: 151/162 MP: 24/26
 45280 | Depths:1 | Found a corrupted altar of Lugonu.
 45291 | Depths:1 | Found a one-way gate to the infinite horrors of the Abyss.
 45314 | Depths:1 | Found a gateway to Hell.
 45377 | Depths:1 | Killed from afar by an ice dragon

Skill      XL: |  1  2  3  4  5  6  7  8  9 10 11 12 13 14 15 16 17 18 19 20 21 22 |
---------------+-------------------------------------------------------------------+-----
Maces & Flails | 3 4 5 6 7 9 11 13 14 15 16 | 16.0
Fighting       | 9 12 14 16 19 22 | 22.0
Spellcasting   | 2 |  2.1
Dodging        | 2 5 7 8 |  8.7
Armour         | 4 8 10 12 14 15 17 19 21 | 21.2
Shields        | 4 8 10 12 14 15 17 19 21 | 21.2

Action                   |  1- 3 |  4- 6 |  7- 9 | 10-12 | 13-15 | 16-18 | 19-21 | 22-24 || total
-------------------------+-------+-------+-------+-------+-------+-------+-------+-------++-------
Melee: Flail             |   140 |   118 |   152 |   617 |  1440 |       |       |       ||  2467
       Eveningstar       |       |       |       |       |     1 |  1923 |  1779 |   787 ||  4490
       Demon whip        |       |       |       |       |       |       |   576 |       ||   576
Invok: Heroism           |       |       |       |       |     6 |     2 |     3 |     3 ||    14
       Finesse           |       |       |       |       |       |       |     1 |       ||     1
Evoke: Lightning rod     |       |       |       |       |     1 |       |       |       ||     1
  Use: Scroll            |     4 |    10 |     7 |     4 |    20 |     9 |     6 |     7 ||    67
       Potion            |     2 |     5 |     5 |     3 |    13 |     5 |     6 |     2 ||    41
  Eat: Chunk             |     1 |     2 |     9 |    18 |    16 |     7 |     5 |     1 ||    59
       Ration            |       |     1 |       |     1 |     5 |     9 |     7 |     4 ||    27
Armor: Scale mail        |    83 |    54 |    55 |   149 |       |       |       |       ||   341
       Troll leather arm |       |       |       |    35 |   195 |       |       |       ||   230
       Crystal plate arm |       |       |       |       |   327 |  1281 |   943 |   449 ||  3000
Dodge: Dodged            |    57 |    34 |    28 |   111 |   518 |   517 |   372 |   186 ||  1823
Block: Shield            |    83 |    68 |    63 |   258 |   976 |  2082 |  1771 |   786 ||  6087
       Reflection        |       |       |       |       |    10 |   128 |   123 |    48 ||   309
